 Dungeon Crawl Stone Soup version 0.19.0-19-g8c6edcc (webtiles) character file.

710 dobroeutro the Archer (level 7, -3/57 HPs)
             Began as a Centaur Hunter on Nov 13, 2016.
             Was a Follower of Okawaru.
             Slain by an ice beast (12 damage)
             ... on level 5 of the Dungeon.
             The game lasted 00:07:22 (5564 turns).

dobroeutro the Archer (Centaur Hunter)              Turns: 5564, Time: 00:07:23

Health: -3/57      AC:  5    Str: 16    XL:     7   Next: 40%
Magic:  7/7        EV:  9    Int: 10    God:    Okawaru [*.....]
Gold:   243        SH:  0    Dex: 10    Spells: 0 memorised, 6 levels left

rFire  . . .     SeeInvis .     g - +0 hand axe
rCold  . . .     Gourm    .     c - +0 leather armour
rNeg   . . .     Faith    +     (no shield)
rPois  .         Spirit   .     (no helmet)
rElec  .         Reflect  .     (no cloak)
rCorr  .         Harm     .     e - +0 pair of gloves
MR     .....                    (no barding)
Stlth  +.........               q - amulet of faith
                                (no ring)
                                (no ring)

@: very quick
A: hooves 3, deformed body, speed 2, tough skin 3
a: Heroism, Renounce Religion


You were on level 5 of the Dungeon.
You worshipped Okawaru.
Okawaru was aware of your devotion.
You were hungry.

You visited 1 branch of the dungeon, and saw 5 of its levels.

You collected 243 gold pieces.

Inventory:

Hand Weapons
 a - a +1 shortbow
 g - a +0 hand axe (weapon)
Armour
 c - a +0 leather armour (worn)
 e - a +0 pair of gloves (worn)
Jewellery
 n - an uncursed amulet of guardian spirit
 q - an amulet of faith (around neck)
Wands
 m - a wand of flame (21/48)
Scrolls
 k - 2 scrolls of identify
 o - a scroll of fog
 r - a scroll of teleportation {unknown}
 u - a scroll of blinking {unknown}
Potions
 i - a potion of haste
 j - 2 potions of degeneration
 l - 2 potions of curing {unknown}
 s - a potion of flight {unknown}
 v - a potion of agility {unknown}
Comestibles
 b - 4 fruits
 f - 5 bread rations
 h - 2 slices of pizza
 p - a meat ration


   Skills:
 + Level 3.2 Fighting
 * Level 10.4 Bows
 + Level 1.7 Armour
 + Level 2.1 Dodging
 - Level 0.4 Stealth


You had 6 spell levels left.
You didn't know any spells.

Dungeon Overview and Level Annotations

Branches:
Dungeon (5/15)             Temple (0/1) D:4

Altars:
Elyvilon
Okawaru
The Shining One


Innate Abilities, Weirdness & Mutations

You have hooves in place of feet.
Armour fits poorly on your strangely shaped body.
You cover ground very quickly.
You have extremely tough skin. (AC +3)


Message History

The ice beast hits you but does no damage.
You hit the ice beast. Your kick misses the ice beast.
The ice beast is severely wounded.
The ice beast hits you. The ice beast freezes you.
You hit the ice beast but do no damage.
You kick the ice beast, but do no damage.
The ice beast is severely wounded.
The ice beast hits you. The ice beast freezes you. The ice beast hits you.
The ice beast freezes you!
* * * LOW HITPOINT WARNING * * *
You hit the ice beast but do no damage.
You kick the ice beast, but do no damage.
The ice beast is severely wounded.
The ice beast barely misses you.
You barely miss the ice beast. Your kick misses the ice beast.
The ice beast is severely wounded.
The ice beast hits you.
* * * LOW HITPOINT WARNING * * *
The ice beast freezes you!
You die...

#.# ######...##...
#(# #....'......[.
#.# #.####...##.# #.#
#.#.......#.# #.#
#.#..####.#.#### #(#
#.#..# #....... #.#
#.##.# ###(####
#(####.##.# #.#.##
#.(Y@..##.######.#...
######.##..........##
#.#########.....
#....# ###### #.##.#
#.##.#### #.......#
#########


You could see an ice beast.

Vanquished Creatures
  The ghost of MovingMist the Ducker, an amateur DsGl (D:3)
  2 ogres (D:4)
  A scorpion (D:4)
  A hound (D:3)
  An orc priest (D:4)
  A bullfrog skeleton (D:5)
  2 orc wizards (D:4)
  An iguana (D:4)
  A worker ant (D:4)
  6 adders
  3 oozes
  An adder skeleton (D:4)
  3 worms (D:4)
  A dart slug (D:1)
  2 leopard geckos
  14 orcs
  3 ball pythons
  3 giant cockroaches
  10 goblins
  9 hobgoblins
  A quokka (D:2)
  5 bats
  6 frilled lizards
  4 kobolds
  5 rats
87 creatures vanquished.

Notes
Turn   | Place    | Note
-------+----------+-------------------------------------------
     0 | D:1      | dobroeutro the Centaur Hunter began the quest for the Orb.
     0 | D:1      | Reached XP level 1. HP: 17/17 MP: 1/1
   712 | D:1      | Reached XP level 2. HP: 24/24 MP: 2/2
   830 | D:1      | Reached skill level 6 in Bows
  1327 | D:2      | Reached XP level 3. HP: 27/29 MP: 3/3
  1402 | D:2      | Reached skill level 7 in Bows
  1669 | D:2      | Found a glowing golden altar of the Shining One.
  1755 | D:2      | Found a white marble altar of Elyvilon.
  1964 | D:3      | Reached XP level 4. HP: 36/36 MP: 4/4
  2071 | D:3      | Noticed MovingMist's ghost (amateur DsGl)
  2486 | D:3      | Reached skill level 8 in Bows
  2805 | D:3      | Reached XP level 5. HP: 37/41 MP: 5/5
  3071 | D:3      | Found an iron altar of Okawaru.
  3131 | D:3      | Became a worshipper of Warmaster Okawaru
  3176 | D:3      | Killed MovingMist's ghost
  3176 | D:3      | Reached skill level 9 in Bows
  3176 | D:3      | Reached XP level 6. HP: 24/48 MP: 6/6
  3490 | D:4      | Found a staircase to the Ecumenical Temple.
  4043 | D:4      | Reached skill level 10 in Bows
  4112 | D:4      | Reached * piety under Okawaru
  4158 | D:4      | Reached skill level 1 in Armour
  4178 | D:4      | Reached XP level 7. HP: 20/56 MP: 7/7
  4860 | D:5      | Entered Level 5 of the Dungeon
  5564 | D:5      | Slain by an ice beast

Skill      XL: |  1  2  3  4  5  6  7 |
---------------+----------------------+-----
Bows           | 6 7 8 9 10 | 10.4
Armour         | 1 |  1.7
Fighting       | 3 |  3.2
Dodging        | 2 |  2.1
Stealth        | |  0.4

Action                   |  1- 3 |  4- 6 |  7- 9 || total
-------------------------+-------+-------+-------++-------
Melee: Hand axe          |    98 |   154 |    33 ||   285
       Kick              |    20 |    40 |    10 ||    70
 Fire: Shortbow          |    13 |    67 |    43 ||   123
  Use: Scroll            |       |     6 |       ||     6
       Potion            |       |     2 |       ||     2
  Eat: Chunk             |     2 |     7 |     3 ||    12
Armor: Leather armour    |    48 |    78 |    18 ||   144
Dodge: Dodged            |    50 |    83 |    16 ||   149
